 Dungeon Crawl Stone Soup version 0.20.1-1-g8b1a95d66d (webtiles) character file.

2998 MondaySad the Cleaver (level 9, -9/70 (71) HPs)
             Began as a Minotaur Berserker on Nov 24, 2017.
             Was a High Priest of Trog.
             Mangled by a gnoll shaman
             ... wielding a +2 whip of electrocution
              (15 damage)
             ... on level 7 of the Dungeon.
             The game lasted 00:18:39 (6636 turns).

MondaySad the Cleaver (Minotaur Berserker)          Turns: 6636, Time: 00:18:40

HP:   -9/70 (71)    AC:  6    Str: 23    XL:     9   Next: 54%
MP:   8/8           EV: 11    Int:  4    God:    Trog [*****.]
Gold: 220           SH:  6    Dex: 12    Spells: 8/8 levels left

rFire    . . .     SeeInvis .   u - +0 hand axe
rCold    . . .     Gourm    .   o - +0 buckler
rNeg     . . .     Faith    .   w - +0 scale mail
rPois    .         Spirit   .   (helmet restricted)
rElec    .         Reflect  .   (no cloak)
rCorr    +         Harm     .   (no gloves)
MR       .....                  (no boots)
Stlth    ..........             (no amulet)
Regen    0.3/turn               g - ring of loudness (curse)
MPRegen  0.2/turn               r - ring of resist corrosion

@: no status effects
A: retaliatory headbutt, horns 2
a: Berserk, Trog's Hand, Brothers in Arms, Burn Spellbooks, Renounce Religion


You were on level 7 of the Dungeon.
You worshipped Trog.
Trog was extremely pleased with you.
You were not hungry.

You visited 1 branch of the dungeon, and saw 7 of its levels.
You also visited: Sewer.

You collected 220 gold pieces.

Inventory:

Hand Weapons
 m - a cursed +3 battleaxe
 u - a +0 hand axe (weapon)
Armour
 o - a +0 buckler (worn)
 w - a +0 scale mail (worn)
Jewellery
 b - an uncursed ring of poison resistance {unknown}
 g - a cursed ring of loudness (left hand)
 r - a ring of resist corrosion (right hand)
Wands
 f - a wand of confusion (9/48)
 E - a wand of scattershot (5/9)
Scrolls
 a - 2 scrolls of amnesia {unknown}
 d - a scroll of enchant armour {unknown}
 h - 6 scrolls of remove curse {unknown}
 i - a scroll of blinking {unknown}
 k - 2 scrolls of recharging {unknown}
 l - 2 scrolls of fog {unknown}
 p - 4 scrolls of teleportation {unknown}
 s - 4 scrolls of identify {unknown}
 v - a scroll of immolation {unknown}
 x - a scroll of noise {unknown}
 y - a scroll of magic mapping {unknown}
Potions
 e - 2 potions of flight {unknown}
 j - a potion of invisibility {unknown}
 q - a potion of mutation {unknown}
 t - 3 potions of might {unknown}
 z - 8 potions of curing {unknown}
 A - 2 potions of lignification {unknown}
 B - 7 potions of heal wounds {unknown}
 C - a potion of brilliance {unknown}
Comestibles
 c - 4 bread rations
 n - 2 meat rations
 D - 2 fruits
 F - 2 royal jellies
 G - 3 chunks of flesh


   Skills:
 - Level 3.7 Fighting
 + Level 11.9 Axes
 - Level 2.6 Armour
 - Level 2.1 Dodging
 + Level 10.6 Shields


You had 8 spell levels left.
You didn't know any spells.

Dungeon Overview and Level Annotations

Branches:
Dungeon (7/15)
 Temple: D:4-7

Altars:
Fedhas
Gozag
Kikubaaqudgha
Qazlal


Innate Abilities, Weirdness & Mutations

You reflexively headbutt those who attack you in melee.
You have a pair of horns on your head.


Message History

Trog accepts your kill. You block the gnoll's attack.
The gnoll barely misses you.
The gnoll shaman invokes the aid of its god against you.
You easily resist.
The gnoll hits you from afar with a spear. x2
* * * LOW HITPOINT WARNING * * *
You slash the gnoll shaman!
You headbutt the gnoll shaman, but do no damage.
The gnoll shaman is heavily wounded.
The gnoll shaman hits you with a whip of electrocution.
* * * LOW HITPOINT WARNING * * *
The gnoll hits you but does no damage.
You hit the gnoll shaman. Your headbutt misses the gnoll shaman.
The gnoll shaman is heavily wounded.
The gnoll barely misses you.
The gnoll shaman hits you with a whip of electrocution!
* * * LOW HITPOINT WARNING * * *
You are electrocuted!
You die...

#.<# #)##### .#
#.#.. . <# #.#.#
.#.###### ###.#.#
........g #...#.#
#...%.... #.###.#
#........
#.###.###g.....>.
#....>.@gg.......
#####.###########
#.# #.# #.. ###


You could see a gnoll shaman and 2 gnolls.

Vanquished Creatures
  A hungry ghost (D:4)
  Menkaure (D:4)
  Edmund (D:6)
  Duvessa (D:7)
  An orc warrior (D:6)
  An ice beast (D:5)
  3 phantoms
  A necrophage (D:5)
  5 ogres
  2 centaurs (D:6)
  4 big kobolds
  Dowan (D:7)
  4 wights (D:5)
  2 howler monkeys (D:5)
  4 crimson imps
  2 hounds (D:5)
  2 centaur skeletons (D:6)
  An orc priest (D:6)
  3 orc wizards
  5 worker ants
  7 adders
  2 gnolls (D:7)
  9 river rats (Sewer)
  2 oozes
  3 adder skeletons
  2 dart slugs (D:1)
  2 worms (D:3)
  5 leopard geckos
  23 orcs
  7 giant cockroaches
  8 hobgoblins
  16 jackals
  31 kobolds
  3 quokkas
  11 ball pythons
  7 bats
  5 frilled lizards
  9 goblins
  A leopard gecko zombie (D:5)
  26 rats
224 creatures vanquished.

Notes
Turn   | Place    | Note
-------+----------+-------------------------------------------
     0 | D:1      | MondaySad the Minotaur Berserker began the quest for the Orb.
     0 | D:1      | Reached XP level 1. HP: 19/19 MP: 0/0
   305 | D:1      | Reached skill level 4 in Axes
   305 | D:1      | Reached XP level 2. HP: 25/27 MP: 1/1
   616 | D:1      | Reached XP level 3. HP: 33/33 MP: 2/2
   842 | D:1      | Reached skill level 5 in Axes
   878 | D:2      | Reached ** piety under Trog
  1570 | D:2      | Reached XP level 4. HP: 40/40 MP: 3/3
  1897 | D:3      | Reached skill level 1 in Shields
  2201 | D:3      | Reached skill level 6 in Axes
  2334 | D:3      | Found a blossoming altar of Fedhas.
  2334 | D:3      | Found a stormy altar of Qazlal.
  2405 | D:3      | Found an opulent altar of Gozag.
  2411 | D:3      | Reached *** piety under Trog
  2561 | D:3      | Reached XP level 5. HP: 32/46 MP: 4/4
  2993 | D:4      | Noticed an ogre
  3004 | D:4      | Killed an ogre
  3062 | D:4      | Noticed a phantom
  3092 | D:4      | Killed a phantom
  3092 | D:4      | Reached skill level 7 in Axes
  3092 | D:4      | Reached XP level 6. HP: 33/52 MP: 5/5
  3434 | D:4      | Noticed Menkaure
  3447 | D:4      | Killed Menkaure
  3447 | D:4      | Reached skill level 5 in Shields
  3447 | D:4      | Reached XP level 7. HP: 9/58 MP: 6/6
  3745 | D:4      | Noticed a hungry ghost
  3770 | D:4      | Killed a hungry ghost
  3770 | D:4      | Reached skill level 8 in Axes
  3842 | D:5      | Entered Level 5 of the Dungeon
  4080 | D:5      | Found a glowing drain.
  4093 | D:5      | Reached **** piety under Trog
  4098 | Sewer    | Entered a sewer
  4114 | Sewer    | Reached skill level 9 in Axes
  4234 | Sewer    | Reached XP level 8. HP: 65/66 MP: 7/7
  4402 | Sewer    | Reached ***** piety under Trog
  4740 | D:5      | Reached skill level 10 in Axes
  5418 | D:5      | Reached XP level 9. HP: 70/70 MP: 8/8
  5616 | D:6      | Noticed Edmund
  5628 | D:6      | Killed Edmund
  5628 | D:6      | Reached skill level 11 in Axes
  5952 | D:6      | Reached skill level 10 in Shields
  6525 | D:6      | Found an ancient bone altar of Kikubaaqudgha.
  6581 | D:7      | Noticed Duvessa
  6581 | D:7      | Noticed Dowan
  6590 | D:7      | Killed Duvessa
  6591 | D:7      | Killed Dowan
  6636 | D:7      | Mangled by a gnoll shaman

Skill      XL: |  1  2  3  4  5  6  7  8  9 |
---------------+----------------------------+-----
Axes           | 4 5 6 7 9 10 11 | 11.9
Shields        | 2 4 5 7 9 10 | 10.6
Fighting       | |  3.7
Armour         | |  2.6
Dodging        | |  2.1

Action                   |  1- 3 |  4- 6 |  7- 9 || total
-------------------------+-------+-------+-------++-------
Melee: Hand axe          |   109 |   127 |   369 ||   605
       Headbutt          |    17 |    19 |    78 ||   114
Invok: Berserk           |       |     2 |     7 ||     9
  Eat: Chunk             |     2 |     7 |     7 ||    16
       Fruit             |       |       |     5 ||     5
       Meat ration       |       |       |     1 ||     1
       Bread ration      |       |       |     2 ||     2
Armor: Animal skin       |     1 |       |       ||     1
       Ring mail         |    25 |    30 |       ||    55
       Scale mail        |       |     7 |    79 ||    86
Dodge: Dodged            |    69 |    84 |   120 ||   273
Block: Buckler           |       |    16 |    82 ||    98
